 Dungeon Crawl Stone Soup version 0.30-a0-696-g2367cd04db (webtiles) character file.

Game seed: 5210802248469007657

7151 wormed the Summoner (level 10, -1/63 HPs)
             Began as a Demonspawn Summoner on Jan 20, 2023.
             Was a Follower of Vehumet.
             Hit by a silver javelin thrown by Urug (4 damage)
             ... on level 10 of the Dungeon.
             The game lasted 00:18:34 (11010 turns).

wormed the Summoner (Demonspawn Summoner)          Turns: 11010, Time: 00:18:35

Health: -1/63      AC: 13    Str: 10    XL:     10   Next: 86%
Magic:  16/23      EV: 11    Int: 20    God:    Vehumet [*.....]
Gold:   580        SH:  0    Dex: 13    Spells: 12/28 levels left

rFire   + + .      SeeInvis +    j - +9 falchion of Clean Guile {speed, rF++}
rCold   . . .      Faith    .    (no shield)
rNeg    . . .      Spirit   .    q - +3 leather armour
rPois   .          Reflect  .    H - +1 hat {SInv}
rElec   .          Harm     .    A - +0 cloak
rCorr   .          Rampage  .    z - +0 pair of gloves
Will    +....                    (no boots)
Stlth   ++                       (no amulet)
HPRegen 0.30/turn                i - ring of willpower
MPRegen 0.36/turn                n - +4 ring of protection

@: no status effects
A: icemail 1, magic regeneration, condensation shield, demonic touch 1
a: Renounce Religion


You were on level 10 of the Dungeon.
You worshipped Vehumet.
Vehumet was aware of your devotion.
You visited 2 branches of the dungeon, and saw 11 of its levels.
You also visited: Ossuary.

You collected 580 gold pieces.

Inventory:

Hand Weapons
 j - the +9 falchion of Clean Guile (weapon) {speed, rF++}
   (You found it on level 2 of the Dungeon)

   rF:        It greatly protects you from fire.
Missiles
 h - 4 throwing nets
Armour
 q - a +3 leather armour (worn)
 z - a +0 pair of gloves (worn)
 A - a +0 cloak (worn)
 H - a +1 hat of see invisible (worn)
Jewellery
 i - a ring of willpower (left hand)
 n - a +4 ring of protection (right hand)
 s - a ring of magical power
 B - a ring of see invisible
Wands
 k - a wand of light (13)
 l - a wand of charming (11)
 y - a wand of flame (27)
Scrolls
 f - a scroll of enchant weapon {unknown}
 t - 2 scrolls of identify
 u - 2 scrolls of teleportation
 v - 2 scrolls of enchant armour
 x - 2 scrolls of torment
 F - a scroll of brand weapon
 G - a scroll of fog
Potions
 a - a potion of might
 b - a potion of magic
 c - 2 potions of haste
 d - 4 potions of brilliance
 e - 2 potions of flight
 m - a potion of attraction
 o - a potion of berserk rage
 p - 9 potions of curing
 r - a potion of ambrosia
 w - 2 potions of mutation
 C - a potion of resistance {unknown}
 D - 2 potions of lignification {unknown}
Miscellaneous
 g - a condenser vane
 E - a box of beasts


   Skills:
 - Level 1.7 Dodging
 - Level 1.7 Stealth
 + Level 9.5 Spellcasting
 - Level 4.0 Hexes
 + Level 10.9 Summonings
 - Level 7.0 Air Magic


You had 12 spell levels left.
You knew the following spells:

 Your Spells              Type           Power      Damage    Failure   Level
a - Summon Small Mammal   Summ           100%       N/A       1%          1
b - Call Canine Familiar  Summ           52%        N/A       1%          3
c - Summon Guardian Gole  Hex/Summ       39%        N/A       1%          3
d - Summon Lightning Spi  Summ/Air       45%        N/A       2%          4
e - Lightning Bolt        Conj/Air       11%        1d24      54%         5

Your spell library contained the following spells:

 Spells                   Type           Power      Damage    Failure   Level
 Sandblast                Erth           18%        2d7       10%         1
 Call Imp                 Summ           52%        N/A       1%          2
 Swiftness                Air            37%        N/A       1%          3
 Static Discharge         Conj/Air       46%        2-4/arc   3%          2
 Vhi's Electric Charge    Tloc/Air       46%        N/A       7%          3
 Summon Ice Beast         Ice/Summ       31%        N/A       11%         4
 Portal Projectile        Hex/Tloc       34%        N/A       13%         3
 Silence                  Hex/Air        15%        N/A       28%         5
 Frozen Ramparts          Ice            18%        1d3       30%         3
 Ozocubu's Armour         Ice            9%         N/A       30%         3
 Leda's Liquefaction      Hex/Erth       8%         N/A       41%         4
 Arcjolt                  Conj/Air       11%        1d21      54%         5
 Ice Form                 Ice/Tmut       9%         N/A       69%         4
 Metabolic Englaciation   Hex/Ice        8%         N/A       77%         5
 Simulacrum               Ice/Necr       4%         N/A       100%        6
 Storm Form               Tmut/Air       11%        N/A       100%        7


Dungeon Overview and Level Annotations

Branches:
Dungeon (10/15)            Temple (1/1) D:7            Lair (0/5) D:9
Ossuary (visited)
    Orc: D:9-12

Altars:
Cheibriados
Dithmenos
Fedhas
Gozag
Hepliaklqana
Makhleb
Nemelex Xobeh
Okawaru
Qazlal
Sif Muna
Trog
Vehumet
Wu Jian
Xom
Yredelemnul

Portals:
Bailey: D:10

Annotations:
D:10 Urug


Innate Abilities, Weirdness & Mutations

A meltable icy envelope protects you from harm. (AC +0)
You regenerate magic rapidly.
A meltable shield of frost defends you. (SH +0)
Your touch may inflict minor irresistible damage on your foes.


Message History

Casting: Summon Lightning Spire (dangerous; 2% risk of failure)
Confirm with . or Enter, or press ? or * to list all spells.
A guardian golem appears, shielding your allies.
Urug squints and screams, "I know a harpy when I see one!"
Urug throws a silver javelin.
The silver javelin pierces through your guardian golem.
The silver javelin pierces through you! The silver sears you!
The silver javelin pierces through your lightning spire but does no damage.
Your lightning spire shoots out a bolt of lightning at Urug!
The bolt of electricity hits your guardian golem.
Your guardian golem resists.
The bolt of electricity hits Urug!
Urug throws a silver javelin.
The silver javelin pierces through your guardian golem!!
The silver javelin closely misses you.
Your guardian golem overheats!
Your lightning spire shoots out a bolt of lightning at Urug!
The bolt of electricity hits your guardian golem.
Your guardian golem resists.
Flame seeps out of your guardian golem.
The bolt of electricity misses Urug.
Urug throws a silver javelin.
The silver javelin pierces through your guardian golem!
Flame seeps out of your guardian golem. x2; The silver javelin misses you.
Your guardian golem is engulfed in blazing flames.
Flame seeps out of your guardian golem.
Urug throws a silver javelin.
The silver javelin completely misses your guardian golem.
The silver javelin pierces through you!!
The silver sears you!
Your guardian golem is engulfed in blazing flames.
Your guardian golem disappears in a puff of smoke!
Your guardian golem explodes!
The fiery explosion engulfs Urug!
Urug resists.
Casting: Summon Guardian Golem (safe; 1% risk of failure)
Confirm with . or Enter, or press ? or * to list all spells.
A guardian golem appears, shielding your allies.
Urug is engulfed in blazing flames.
Urug throws a silver javelin.
The silver javelin pierces through you!!
* * * LOW HITPOINT WARNING * * *
The silver sears you!
You die...

##h#h## #.....##.#∩#.#.###
#.###.# #.....##.#8#.#...#
##.#.####.....##...#.#.#.#
##..# #>....o###..#.....#
##.# #.####°####.#...#.#
####.###.###§§§# #.##.#(.#
#........##.)..# #.##..#.#
#.##.##..##....# #.......#
#.##........@9.# ####.####
#.#####........######.#
#.#####.####.8........#
#.......# ############
#########


You could see Urug (ally target), a friendly guardian golem (summoned) and a
friendly lightning spire (summoned, sheltered).

Vanquished Creatures
  A water moccasin (D:6)
  2 centaurs (D:8)
  An elf zombie (D:7)
  A kobold brigand (D:7)
  A bullfrog (D:6)
  A necrophage (D:4)
  2 elf skeletons (D:7)
  A scorpion (D:5)
  A wight (D:8)
  2 howler monkeys
  2 hounds
  An orc priest (D:5)
  A human skeleton (D:7)
  2 iguanas
  6 orc wizards
  11 mummies (Ossuary)
  A gnoll (D:9)
  2 adders
  3 white imps
  A worm (D:3)
  A dart slug (D:3)
  9 orcs
  2 ball pythons (D:4)
  2 bats
  2 giant cockroaches
  2 jackals (D:4)
  A kobold (D:3)
  2 quokkas
  2 goblins
  2 goblin skeletons (Ossuary)
  2 kobold skeletons (Ossuary)
  5 orc skeletons
  An orc zombie (D:7)
  A rat (D:3)
77 creatures vanquished.

Vanquished Creatures (collateral kills)
  An unseen horror (D:10)
  A komodo dragon (D:9)
  A vampire (D:10)
  A shadow (D:9)
  2 yaks (D:9)
  An ogre (D:5)
  2 centaurs (D:9)
  A bullfrog (D:4)
  A gnoll sergeant (D:9)
  5 wights
  5 howler monkeys
  3 hounds
  An orc wizard (D:9)
  A mummy (Ossuary)
  7 gnolls
  2 adders
  2 dart slugs
  11 orcs
  2 bats (D:1)
  8 endoplasms
  4 giant cockroaches
  5 goblins
  3 hobgoblins
  2 jackals (D:4)
  11 kobolds
  3 quokkas
  5 ball pythons
  2 frilled lizards (D:2)
  5 rats
  11 rat skeletons (Ossuary)
109 creatures vanquished.

Vanquished Creatures (others)
  Gastronok (D:9)
  A deep elf pyromancer (D:9)
  Joseph (D:7)
  A hornet (D:9)
  Prince Ribbit (D:7)
  A yak (D:9)
  A water moccasin (D:7)
  An orc warrior (D:9)
  A black bear (D:8)
  A centaur (D:5)
  A kobold brigand (D:7)
  A gnoll sergeant (D:7)
  A scorpion (D:5)
  6 wights
  5 killer bees (D:8)
  2 orc priests (D:9)
  3 gnolls (D:7)
  An orc (D:9)
  A kobold (D:7)
  11 plants
42 creatures vanquished.

Grand Total: 228 creatures vanquished

Notes
Turn   | Place    | Note
-------+----------+-------------------------------------------
     0 | D:1      | wormed the Demonspawn Summoner began the quest for the Orb.
     0 | D:1      | Reached XP level 1. HP: 13/13 MP: 3/3
   271 | D:1      | Gained mutation: A meltable shield of frost defends you.
                  | (SH +0) [demonic ancestry]
   271 | D:1      | Reached XP level 2. HP: 19/19 MP: 5/5
   440 | D:1      | Reached skill level 1 in Hexes
  1002 | D:1      | Reached XP level 3. HP: 24/24 MP: 3/6
  1006 | D:1      | Learned a level 3 spell: Call Canine Familiar
  1611 | D:2      | Reached XP level 4. HP: 30/30 MP: 3/8
  2035 | D:2      | Identified the +9 falchion of Clean Guile {speed, rF++}
  3314 | D:3      | Learned a level 3 spell: Summon Guardian Golem
  3520 | D:4      | Noticed a bullfrog
  3533 | D:4      | Killed a bullfrog
  3534 | D:4      | Reached skill level 5 in Summonings
  3534 | D:4      | Reached XP level 5. HP: 26/35 MP: 4/9
  4211 | D:5      | Entered Level 5 of the Dungeon
  4266 | D:5      | Gained mutation: Your touch may inflict minor irresistible
                  | damage on your foes. [demonic ancestry]
  4266 | D:5      | Reached XP level 6. HP: 34/41 MP: 3/11
  4522 | D:5      | Reached skill level 6 in Summonings
  4522 | D:5      | Gained mutation: A meltable icy envelope protects you from
                  | harm. (AC +0) [demonic ancestry]
  4522 | D:5      | Reached XP level 7. HP: 35/46 MP: 1/13
  4528 | D:5      | Learned a level 5 spell: Lightning Bolt
  4747 | D:5      | Got Teysor's Quarto of Misty Therianthropy
  4811 | D:5      | Reached skill level 1 in Air Magic
  5315 | D:6      | Reached skill level 5 in Spellcasting
  5726 | D:6      | Gained mutation: You regenerate magic rapidly. [demonic
                  | ancestry]
  5726 | D:6      | Reached XP level 8. HP: 52/52 MP: 10/15
  6239 | D:7      | Noticed Joseph
  6251 | D:7      | Killed Joseph
  6252 | D:7      | Reached skill level 7 in Summonings
  6455 | D:7      | Noticed Prince Ribbit
  6462 | D:7      | Killed Prince Ribbit
  6601 | D:7      | Reached skill level 8 in Summonings
  6601 | D:7      | Reached XP level 9. HP: 57/57 MP: 18/18
  6617 | D:7      | Found a sand-covered staircase.
  6711 | Ossuary  | Entered an ossuary
  7074 | D:7      | Learned a level 4 spell: Summon Lightning Spire
  7127 | D:7      | Reached skill level 5 in Air Magic
  7220 | D:7      | Found a staircase to the Ecumenical Temple.
  7277 | Temple   | Entered the Ecumenical Temple
  7429 | Temple   | Became a worshipper of Vehumet
  8532 | D:8      | Reached skill level 9 in Summonings
  9010 | D:9      | Reached XP level 10. HP: 27/63 MP: 9/21
  9341 | D:9      | Noticed a deep elf pyromancer
  9383 | D:9      | Killed a deep elf pyromancer
  9410 | D:9      | Reached * piety under Vehumet
  9410 | D:9      | Offered knowledge of Sandblast by Vehumet.
  9467 | D:9      | Reached skill level 10 in Summonings
  9607 | D:9      | Found a staircase to the Lair.
  9730 | D:9      | Noticed Gastronok
 10202 | D:9      | Killed Gastronok
 10287 | D:10     | Entered Level 10 of the Dungeon
 10640 | D:10     | Noticed Urug
 10841 | D:10     | Found a flagged portal.
 11010 | D:10     | HP: 3/63 [Urug/silver javelin (22)]
 11010 | D:10     | Hit by a silver javelin thrown by Urug

Illustrated notes

Levels and vault maps discovered:
D:1:      roderic_crop_circles_arrival_small, layout_loops_ring, st_stairs_9,
          chequers_serial_rivers_room_a
D:2:      layout_rooms
D:3:      layout_loops_corners
D:4:      layout_gridville
D:5:      layout_basic
D:6:      layout_layer_cave, kennysheep_cluttered_room
D:7:      layout_loops_ring, minmay_temple_entry_glassed_door,
          nicolae_ossuary_entry_catacombs, uniq_prince_ribbit1, uniq_joseph
D:8:      layout_loops_ring, nicolae_tso_swordbearing_angel,
          hangedman_decor_slide_cut, kennysheep_doodads,
          minmay_misc_feat_ornament, minmay_statues_item,
          kennysheep_generic_room_11
D:9:      layout_irregular_city, david_lair_shrubbed, mrwooster_statue_mirror,
          uniq_gastronok
D:10:     layout_loops_cross, orc_0_dummy, enter_bailey_8, uniq_urug
Temple:   mainiacjoe_temple_archimedes_tessellation

Skill      XL: |  1  2  3  4  5  6  7  8  9 10 |
---------------+-------------------------------+-----
Hexes          | 1 2 3 4 |  4.0
Spellcasting   | 3 4 5 6 7 9 |  9.5
Summonings     | 5 6 8 9 10 | 10.9
Air Magic      | 2 4 6 7 |  7.0
Dodging        | |  1.7
Stealth        | |  1.7

Action                   |  1- 3 |  4- 6 |  7- 9 | 10-12 || total
-------------------------+-------+-------+-------+-------++-------
Melee: Unarmed           |    30 |       |       |       ||    30
       Falchion          |       |    46 |   156 |    33 ||   235
       Touch             |       |     1 |    15 |     5 ||    21
       Punch             |       |       |     4 |       ||     4
 Cast: Summon Small Mamm |    47 |    29 |    21 |       ||    97
       Call Canine Famil |     9 |    18 |    23 |    11 ||    61
       Summon Guardian G |       |     4 |    27 |    15 ||    46
       Summon Lightning  |       |       |     3 |    15 ||    18
  Use: Scroll            |       |     6 |     9 |     6 ||    21
 Stab: Sleeping          |       |     1 |     8 |       ||     9
       Distracted        |       |       |     1 |       ||     1
Armor: Robe              |     6 |     3 |       |       ||     9
       Leather armour    |       |     9 |    58 |    25 ||    92
Dodge: Dodged            |    23 |    26 |    47 |    21 ||   117
Block: Other             |    14 |     7 |    17 |     4 ||    42

Table legend: (Time is in decaauts)
 A = Elapsed time spent in this place.
 B = Non-inter-level travel time spent in this place.
 C = Inter-level travel time spent in this place.
 D = Time resting spent in this place.
 E = Time spent auto-exploring this place.
 F = Levels seen in this place.
 G = Mean time per level.
                   A        B        C        D        E       F      G
               +--------+--------+--------+--------+--------+-----+--------+
         Total |  10969 |  10378 |    591 |    100 |   7943 |  12 |  914.1 |
       Dungeon |  10382 |   9908 |    474 |    100 |   7663 |  10 | 1038.2 |
        Temple |    239 |    122 |    117 |      0 |    105 |   1 |  239.0 |
       Ossuary |    347 |    347 |      0 |      0 |    175 |   1 |  347.0 |
               +--------+--------+--------+--------+--------+-----+--------+

Top non-repeatable levels by time:
     D:1: 1357 daAuts
     D:8: 1170 daAuts
     D:7: 1142 daAuts
     D:9: 1125 daAuts
     D:3: 1088 daAuts
     D:6: 1074 daAuts
     D:5: 942 daAuts
     D:2: 904 daAuts
     D:4: 856 daAuts
    D:10: 720 daAuts
 Ossuary: 347 daAuts
  Temple: 239 daAuts
